 Dungeon Crawl Stone Soup version 0.26-a0-597-gb535b0901c (webtiles) character file.

Game seed: 9593261295012214084

638 Hasart the Sneak (level 7, -2/42 HPs)
             Began as a Kobold Brigand on Sept 13, 2020.
             Was a Follower of Dithmenos.
             Killed from afar by an orc wizard (4 damage)
             ... with a puff of flame
             ... on level 3 of the Dungeon.
             The game lasted 00:05:20 (2444 turns).

Hasart the Sneak (Kobold Brigand)                   Turns: 2444, Time: 00:05:21

Health: -2/42      AC:  3    Str: 10    XL:     7   Next: 80%
Magic:  7/7        EV: 16    Int: 12    God:    Dithmenos [*.....]
Gold:   78         SH:  0    Dex: 17    Spells: 6/6 levels left

rFire    . . .     SeeInvis .   b - +1 dagger (drain)
rCold    + . .     Faith    .   (shield restricted)
rNeg     . . .     Spirit   .   m - +0 robe {rC+}
rPois    .         Reflect  .   (no helmet)
rElec    .         Harm     .   c - +0 cloak
rCorr    .                      (no gloves)
MR       .....                  (no boots)
Stlth    +++++.....             (no amulet)
HPRegen  0.14/turn              (no ring)
MPRegen  0.10/turn              (no ring)

@: wreathed by umbra
A: small, nightstalker 3
a: Renounce Religion


You were on level 3 of the Dungeon.
You worshipped Dithmenos.
Dithmenos was aware of your devotion.
You visited 1 branch of the dungeon, and saw 4 of its levels.

You collected 78 gold pieces.

Inventory:

Hand Weapons
 b - a +1 dagger of draining (weapon)
 n - a +0 dagger of venom
Missiles
 d - 19 poisoned darts
 e - 2 curare-tipped darts (quivered)
Armour
 c - a +0 cloak (worn)
 m - a +0 robe of cold resistance (worn)
Wands
 k - a wand of flame (23)
 q - a wand of polymorph (5)
Scrolls
 f - 2 scrolls of immolation {unknown}
 h - 2 scrolls of random uselessness {unknown}
 i - 2 scrolls of identify {unknown}
 l - 2 scrolls of teleportation {unknown}
 p - a scroll of amnesia {unknown}
Potions
 a - a potion of haste {unknown}
 g - a potion of curing {unknown}
 j - a potion of heal wounds {unknown}
 o - a potion of degeneration {unknown}


   Skills:
 + Level 3.8 Fighting
 * Level 6.2 Short Blades
 + Level 3.9 Throwing
 + Level 3.7 Dodging
 + Level 6.8 Stealth
 + Level 2.8 Evocations


You had 6 spell levels left.
You didn't know any spells.
Your spell library was empty.

Dungeon Overview and Level Annotations

Branches:
Dungeon (4/15)
 Temple: D:4-7

Altars:
Dithmenos
Makhleb
Ru
Trog


Innate Abilities, Weirdness & Mutations

You are small and have problems with some larger weapons.
You are completely attuned to the shadows.


Message History

The orc priest is almost dead.
The orc hits you with a +0 falchion.
* * * LOW HITPOINT WARNING * * *
The orc priest hits you but does no damage.
The orc wizard hits you with a +0 dagger.
* * * LOW HITPOINT WARNING * * *
Evoke which item? (* to show all) (? for menu, Esc to quit)
Aiming: Throw Flame
Press: ? - help, Shift-Dir - straight line, f - orc priest
Aim: an orc priest, wielding a +0 hand axe and wearing a +0 ring mail (almost dead, heavily drained, umbra)
The puff of flame hits the orc priest.
You kill the orc priest!
Dithmenos accepts your kill. The orc hits you with a +0 falchion.
* * * LOW HITPOINT WARNING * * *
The orc wizard misses you.
The orc wizard curses loudly.
The orc wizard points at you and mumbles some strange words.
The puff of flame hits you.
You die...

#..........
###.#####†###.####.##
########....####.###........
#........._..##...###......)
#.######.....#..#..##.).....
#.# ###.#...###..........
..# #.#.#..#..##.o##.#. ###
#.#.##...###..# # #
#.#.###@####..##. #.#.#
#...oo..... ##.........
#.###..### #.# #..# ... ...#


You could see an orc wizard and an orc.

Vanquished Creatures
  Sigmund (D:2)
  Edmund (D:4)
  An ogre (D:4)
  A bullfrog (D:3)
  An orc priest (D:3)
  Terence (D:2)
  Natasha (thrice) (D:2)
  4 adders
  An ooze (D:2)
  4 worms
  2 leopard geckos
  4 bats
  A giant cockroach (D:2)
  6 hobgoblins
  3 jackals (D:3)
  2 quokkas (D:3)
  2 frilled lizards (D:1)
  3 goblins
  5 kobolds
  4 rats
50 creatures vanquished.

Notes
Turn   | Place    | Note
-------+----------+-------------------------------------------
     0 | D:1      | Hasart the Kobold Brigand began the quest for the Orb.
     0 | D:1      | Reached XP level 1. HP: 12/12 MP: 1/1
   167 | D:1      | Reached XP level 2. HP: 17/17 MP: 2/2
   452 | D:2      | Found a burning altar of Makhleb.
   454 | D:2      | Found a shadowy altar of Dithmenos.
   463 | D:2      | Became a worshipper of Dithmenos the Shadowed
   622 | D:2      | Noticed Natasha
   631 | D:2      | Noticed a crimson imp
   634 | D:2      | Killed Natasha
   634 | D:2      | Reached XP level 3. HP: 22/22 MP: 3/3
   735 | D:2      | Noticed Terence
   739 | D:2      | Killed Terence
   739 | D:2      | Reached XP level 4. HP: 27/27 MP: 4/4
   828 | D:2      | Noticed Sigmund
   832 | D:2      | Killed Sigmund
   832 | D:2      | Reached skill level 5 in Short Blades
   832 | D:2      | Reached skill level 1 in Evocations
   832 | D:2      | Reached XP level 5. HP: 32/32 MP: 5/5
   832 | D:2      | Reached XP level 6. HP: 37/37 MP: 6/6
  1099 | D:2      | You fall into a shaft and drop 2 floors!
  1100 | D:4      | Noticed an ogre
  1108 | D:4      | Noticed Edmund
  1110 | D:4      | Killed an ogre
  1117 | D:4      | Killed Edmund
  1117 | D:4      | Reached XP level 7. HP: 34/41 MP: 7/7
  1338 | D:3      | Found a sacrificial altar of Ru.
  1455 | D:3      | Reached * piety under Dithmenos
  1721 | D:2      | Noticed Natasha
  1750 | D:2      | Killed Natasha
  1902 | D:2      | Noticed Natasha
  1909 | D:2      | Killed Natasha
  2260 | D:3      | Found a bloodstained altar of Trog.
  2436 | D:3      | HP: 1/42 [orc/+0 falchion (2)]
  2444 | D:3      | Killed from afar by an orc wizard

Illustrated notes

Levels and vault maps discovered:
D:1:      sevenhm_arrival_forest_fort_small_3, layout_basic
D:2:      layout_loops_corners, chequers_temple_overflow_statue_of_worship,
          minivault_11, uniq_terence, uniq_sigmund, uniq_natasha
D:3:      layout_loops_ring, bloody_trog, nicolae_ru_the_path_less_chosen,
          ebering_ghost_reflecting_pool
D:4:      layout_rooms, kiku_gazebo_garden_becter, serial_shops, shop_coins,
          shop, kennysheep_little_box, shop, shop, supply_closet_lemuel,
          minmay_manual_mess, uniq_edmund

Skill      XL: |  1  2  3  4  5  6  7 |
---------------+----------------------+-----
Short Blades   | 3 4 5 6 |  6.2
Dodging        | 2 3 |  3.7
Fighting       | 3 |  3.8
Throwing       | 3 |  3.9
Stealth        | 6 |  6.8
Evocations     | 1 2 |  2.8

Action                   |  1- 3 |  4- 6 |  7- 9 || total
-------------------------+-------+-------+-------++-------
Melee: Dagger            |    26 |    34 |   106 ||   166
Throw: Dart              |       |     2 |       ||     2
Evoke: Wand              |       |       |     1 ||     1
 Stab: Sleeping          |    13 |     3 |     8 ||    24
Armor: Robe              |     1 |     1 |     6 ||     8
       Skin              |     4 |       |     3 ||     7
Dodge: Dodged            |     3 |    13 |    75 ||    91

Table legend: (Time is in decaauts)
 A = Elapsed time spent in this place.
 B = Non-inter-level travel time spent in this place.
 C = Inter-level travel time spent in this place.
 D = Time resting spent in this place.
 E = Time spent auto-exploring this place.
 F = Levels seen in this place.
 G = Mean time per level.
                   A        B        C        D        E       F      G
               +--------+--------+--------+--------+--------+-----+--------+
         Total |   2407 |   2238 |    169 |     98 |   1736 |   4 |  601.8 |
       Dungeon |   2407 |   2238 |    169 |     98 |   1736 |   4 |  601.8 |
               +--------+--------+--------+--------+--------+-----+--------+

Top non-repeatable levels by time:
     D:2: 1243 daAuts
     D:3: 692 daAuts
     D:1: 451 daAuts
     D:4: 20 daAuts
